 Dungeon Crawl Stone Soup version 0.24.1-14-gf8d2b509d9 (console) character file.

Game seed: 10418445795297924900, levelgen mode: deterministic

1404 Kagalorn the Skirmisher (level 8, 0/64 HPs)
             Began as a Gnoll Wanderer on Nov 30, 2022.
             Was a Follower of Cheibriados.
             Slain by a white imp (2 damage)
             ... on level 6 of the Dungeon.
             The game lasted 00:14:17 (5135 turns).

Kagalorn the Skirmisher (Gnoll Wanderer)            Turns: 5135, Time: 00:14:17

Health: 0/64       AC: 23    Str: 17    XL:     8   Next: 70%
Magic:  9/14       EV:  9    Int: 16    God:    Cheibriados [*.....]
Gold:   38         SH:  0    Dex: 19    Spells: 15/16 levels left

rFire    . . .     SeeInvis .   x - +0 dagger (protect)
rCold    . . .     Gourm    .   (no shield)
rNeg     . . .     Faith    .   d - +2 scale mail
rPois    .         Spirit   .   (no helmet)
rElec    .         Reflect  .   (no cloak)
rCorr    .         Harm     .   (no gloves)
MR       .....                  o - +1 pair of boots
Stlth    ..........             (no amulet)
HPRegen  0.00/turn              j - ring of flight
MPRegen  0.14/turn              n - +6 ring of protection

@: protection aura, very slightly contaminated, extremely drained, very slow
A: distributed training, fangs 1, inhibited regeneration, strong nose
a: Bend Time, Renounce Religion, Evoke Flight


You were on level 6 of the Dungeon.
You worshipped Cheibriados.
Cheibriados was aware of your devotion.
You were very hungry.

You visited 1 branch of the dungeon, and saw 6 of its levels.

You collected 265 gold pieces.
You spent 227 gold pieces at shops.

Inventory:

Hand Weapons
 x - a +0 dagger of protection (weapon)
Armour
 d - a +2 scale mail (worn)
 o - a +1 pair of boots (worn)
Jewellery
 j - a ring of flight (left hand)
 l - an uncursed ring of ice
 n - a +6 ring of protection (right hand)
Wands
 r - a wand of acid (2)
Scrolls
 b - 2 scrolls of fog {unknown}
 g - 4 scrolls of remove curse
 h - a scroll of enchant armour
 k - 2 scrolls of amnesia
 m - 4 scrolls of identify
 q - a scroll of magic mapping
 z - a scroll of fear
Potions
 c - a potion of lignification
 e - a potion of mutation
 i - a potion of might
 p - 2 potions of curing
 s - 2 potions of heal wounds
 t - a potion of agility
 u - a potion of flight
 v - a potion of invisibility
 w - 2 potions of brilliance
Comestibles
 f - 8 rations


   Skills:
 + Level 5.8(0.0) Fighting
 + Level 3.4(0.0) Short Blades
 + Level 3.4(0.0) Long Blades
 + Level 3.4(0.0) Axes
 + Level 3.4(0.0) Maces & Flails
 + Level 3.4(0.0) Polearms
 + Level 3.4(0.0) Staves
 + Level 3.4(0.0) Slings
 + Level 3.4(0.0) Bows
 + Level 3.4(0.0) Crossbows
 + Level 4.3(0.0) Throwing
 + Level 4.3(0.0) Armour
 + Level 3.4(0.0) Dodging
 + Level 4.2(0.0) Stealth
 + Level 3.4(0.0) Shields
 + Level 3.4(0.0) Unarmed Combat
 + Level 4.5(0.0) Spellcasting
 + Level 2.8(0.0) Conjurations
 + Level 2.8(0.0) Hexes
 + Level 2.8(0.0) Charms
 + Level 2.8(0.0) Summonings
 + Level 2.8(0.0) Necromancy
 + Level 2.8(0.0) Translocations
 + Level 2.8(0.0) Transmutations
 + Level 4.8(0.0) Fire Magic
 + Level 2.8(0.0) Ice Magic
 + Level 2.8(0.0) Air Magic
 + Level 2.8(0.0) Earth Magic
 + Level 4.8(0.0) Poison Magic
 + Level 3.8(0.0) Invocations
 + Level 3.4(0.0) Evocations


You had 15 spell levels left.
You knew the following spells:

 Your Spells              Type           Power        Failure   Level  Hunger
a - Flame Tongue          Conj/Fire      #....        67%         1    ##.....

Your spell library contained the following spells:

 Spells                   Type           Power        Failure   Level  Hunger
 Inner Flame              Hex/Fire       #.......     95%         3    ####...


Dungeon Overview and Level Annotations

Branches:
Dungeon (6/15)
 Temple: D:4-7

Altars:
Cheibriados
Okawaru
Qazlal
Ru
Wu Jian

Shops:
D:5 (!?%


Innate Abilities, Weirdness & Mutations

Your experience applies equally to all skills.
You have very sharp teeth.
Your uncanny sense of smell can sniff out nearby items.
You do not regenerate when monsters are visible.


Message History

The white imp gestures at you.
The puff of frost hits you but does no damage.
You hit the white imp but do no damage.
The white imp is heavily wounded.
The white imp gestures at you.
The puff of frost hits you but does no damage.
You barely miss the white imp.
The white imp is heavily wounded.
The white imp gestures at you.
The puff of frost hits you but does no damage.
Your scale mail prevents you from hitting the white imp.
The white imp is heavily wounded.
The white imp barely misses you.
You hit the white imp but do no damage.
The white imp is heavily wounded.
The white imp closely misses you.
You barely miss the white imp.
The white imp is heavily wounded.
The white imp hits you.
You die...

..## #..# ∆#..####
#.....# #####
∆#..##.# #<).#
##..##.########.#
####...##.##..55@..#
.......##.##.#######
..............>#
..####5.#....#.#
..####...###.#.#
#.)...#.......#
#.#####..##.### #.
....##.# ..
####.##.#


You could see a crimson imp and a white imp.

Vanquished Creatures
  Eustachio (D:6)
  An ice beast (D:5)
  4 ogres
  A phantom (D:3)
  A centaur (D:5)
  A bullfrog (D:5)
  A scorpion (D:3)
  2 howler monkeys
  A hound (D:5)
  A bullfrog skeleton (D:4)
  An orc priest (D:5)
  2 jellies (D:5)
  3 orc wizards
  An iguana (D:6)
  A worker ant (D:5)
  10 adders
  A shadow imp (D:5)
  An adder skeleton (D:5)
  A worm (D:3)
  2 dart slugs (D:2)
  6 leopard geckos
  13 orcs
  2 ball pythons
  6 bats
  4 giant cockroaches
  8 goblins
  5 hobgoblins
  5 jackals
  5 kobolds
  6 frilled lizards
  A quokka skeleton (D:6)
  13 rats
111 creatures vanquished.

Notes
Turn   | Place    | Note
-------+----------+-------------------------------------------
     0 | D:1      | Kagalorn the Gnoll Wanderer began the quest for the Orb.
     0 | D:1      | Kagalorn set off with the following items: a +0 dagger, a
                  | potion of lignification, a +2 scale mail, a ration; and the
                  | following spell memorised: Flame Tongue; and the following
                  | spells available to memorise: Inner Flame
     0 | D:1      | Reached XP level 1. HP: 20/20 MP: 4/4
   202 | D:1      | Reached XP level 2. HP: 19/26 MP: 5/5
   564 | D:2      | Reached XP level 3. HP: 25/31 MP: 7/7
   700 | D:2      | Reached skill level 1 in Invocations
   844 | D:2      | Reached skill level 1 in Short Blades
   844 | D:2      | Reached skill level 1 in Long Blades
   844 | D:2      | Reached skill level 1 in Axes
   844 | D:2      | Reached skill level 1 in Maces & Flails
   844 | D:2      | Reached skill level 1 in Polearms
   844 | D:2      | Reached skill level 1 in Staves
   844 | D:2      | Reached skill level 1 in Slings
   844 | D:2      | Reached skill level 1 in Bows
   844 | D:2      | Reached skill level 1 in Crossbows
   844 | D:2      | Reached skill level 1 in Dodging
   844 | D:2      | Reached skill level 1 in Shields
   844 | D:2      | Reached skill level 1 in Unarmed Combat
   844 | D:2      | Reached skill level 1 in Evocations
   891 | D:2      | Reached XP level 4. HP: 35/38 MP: 8/8
  1286 | D:2      | Reached skill level 1 in Conjurations
  1286 | D:2      | Reached skill level 1 in Hexes
  1286 | D:2      | Reached skill level 1 in Charms
  1286 | D:2      | Reached skill level 1 in Summonings
  1286 | D:2      | Reached skill level 1 in Necromancy
  1286 | D:2      | Reached skill level 1 in Translocations
  1286 | D:2      | Reached skill level 1 in Transmutations
  1286 | D:2      | Reached skill level 1 in Ice Magic
  1286 | D:2      | Reached skill level 1 in Air Magic
  1286 | D:2      | Reached skill level 1 in Earth Magic
  1576 | D:3      | Reached XP level 5. HP: 36/43 MP: 9/9
  2169 | D:3      | Reached XP level 6. HP: 45/50 MP: 10/10
  2634 | D:4      | Reached skill level 5 in Fighting
  2704 | D:4      | Noticed a phantom
  2714 | D:4      | Noticed a two-headed ogre
  2767 | D:3      | Killed a phantom
  2767 | D:3      | Reached XP level 7. HP: 27/56 MP: 2/12
  2852 | D:5      | Entered Level 5 of the Dungeon
  2869 | D:5      | Found Ajuteogu's Distillery.
  2873 | D:5      | Bought a potion of heal wounds for 65 gold pieces
  2873 | D:5      | Bought a potion of agility for 52 gold pieces
  2873 | D:5      | Bought a potion of flight for 39 gold pieces
  3615 | D:5      | Found Qudimiqe's Food Shop.
  3663 | D:5      | Reached XP level 8. HP: 46/63 MP: 1/14
  3668 | D:5      | Found a stormy altar of Qazlal.
  3668 | D:5      | Found a snail-covered altar of Cheibriados.
  3668 | D:5      | Found an ornate altar of the Wu Jian Council.
  3669 | D:5      | Found an iron altar of Okawaru.
  3685 | D:5      | Became a worshipper of Cheibriados the Contemplative
  3705 | D:5      | Found a sacrificial altar of Ru.
  4014 | D:5      | Found Veafo's Antique Weapon Emporium.
  4188 | D:5      | Found Pereip Povist's Magic Scroll Boutique.
  4191 | D:5      | Bought a scroll of immolation for 38 gold pieces
  4191 | D:5      | Bought a scroll of identify for 22 gold pieces
  4191 | D:5      | Bought a scroll of noise for 11 gold pieces
  4298 | D:6      | Noticed Eustachio
  4963 | D:6      | Killed Eustachio
  5102 | D:6      | Gained mutation: You do not regenerate when monsters are
                  | visible. [mutagenic glow]
  5117 | D:6      | Reached * piety under Cheibriados
  5122 | D:6      | HP: 3/64 [crimson imp (3)]
  5135 | D:6      | Slain by a white imp

Levels and vault maps discovered:
D:1:      dpeg_arrival_three_bigger_balls, layout_basic
D:2:      layout_loops_ring, serial_bayou_pond_a
D:3:      layout_basic, first_ration
D:4:      layout_cave_pools, old_standard_altar, serial_shops, shop,
          serial_column_ruins, column_ruins_hut_ruined, column_ruins_grid_1,
          column_ruins_columns_straight, column_ruins_open_tiny_water,
          column_ruins_columns_straight
D:5:      layout_loops_ring, nicolae_ru_awakened_eye,
          chequers_temple_overflow_statue_of_worship, serial_shops,
          shop_fountains, nicolae_shop_behind_doors, shop,
          kennysheep_little_box, minmay_misc_feat_four_crosses
D:6:      minmay_skewed_foursquare, layout_basic, minmay_fire_ice_demons,
          uniq_eustachio, uniq_menkaure, uniq_crazy_yiuf_cottage

Skill      XL: |  1  2  3  4  5  6  7  8 |
---------------+-------------------------+-----
Invocations    | 1 2 3 |  3.8
Short Blades   | 1 2 3 |  3.4
Long Blades    | 1 2 3 |  3.4
Axes           | 1 2 3 |  3.4
Maces & Flails | 1 2 3 |  3.4
Polearms       | 1 2 3 |  3.4
Staves         | 1 2 3 |  3.4
Slings         | 1 2 3 |  3.4
Bows           | 1 2 3 |  3.4
Crossbows      | 1 2 3 |  3.4
Dodging        | 1 2 3 |  3.4
Shields        | 1 2 3 |  3.4
Unarmed Combat | 1 2 3 |  3.4
Evocations     | 1 2 3 |  3.4
Spellcasting   | 3 4 |  4.5
Conjurations   | 1 2 |  2.8
Hexes          | 1 2 |  2.8
Charms         | 1 2 |  2.8
Summonings     | 1 2 |  2.8
Necromancy     | 1 2 |  2.8
Translocations | 1 2 |  2.8
Transmutations | 1 2 |  2.8
Ice Magic      | 1 2 |  2.8
Air Magic      | 1 2 |  2.8
Earth Magic    | 1 2 |  2.8
Throwing       | 3 4 |  4.3
Armour         | 3 4 |  4.3
Fire Magic     | 4 |  4.8
Poison Magic   | 4 |  4.8
Stealth        | 3 4 |  4.2
Fighting       | 5 |  5.8

Action                   |  1- 3 |  4- 6 |  7- 9 || total
-------------------------+-------+-------+-------++-------
Melee: Dagger            |   199 |   360 |   286 ||   845
       Bite              |    17 |    41 |    47 ||   105
       Punch             |       |     5 |     2 ||     7
 Cast: Flame Tongue      |       |    27 |    68 ||    95
Evoke: Wand              |       |       |     4 ||     4
  Use: Scroll            |     1 |       |    11 ||    12
 Stab: Sleeping          |       |       |     1 ||     1
  Eat: Chunk             |       |     5 |     4 ||     9
       Ration            |       |     1 |     1 ||     2
Armor: Scale mail        |   112 |   210 |   204 ||   526
Dodge: Dodged            |   100 |   197 |   210 ||   507
